 Dungeon Crawl Stone Soup version 0.30-a0-715-gdb4ae3ece1 (webtiles) character file.

Game seed: 7529767342669629478

387 wormed the Twirler (level 6, 0/47 HPs)
             Began as a Gnoll Wanderer on Jan 24, 2023.
             Was an Initiate of Cheibriados.
             Slain by Edmund
             ... wielding a +0 flail of protection
              (5 damage)
             ... on level 5 of the Dungeon.
             The game lasted 00:03:24 (2545 turns).

wormed the Twirler (Gnoll Wanderer)                 Turns: 2545, Time: 00:03:25

Health: 0/47       AC:  3    Str: 14    XL:     6   Next: 78%
Magic:  11/11      EV: 12    Int: 12    God:    Cheibriados [......]
Gold:   179        SH:  0    Dex: 13    Spells: 12/12 levels left

rFire   . . .      SeeInvis .    a - +2 quarterstaff
rCold   . . .      Faith    .    (shield currently unavailable)
rNeg    . . .      Spirit   .    j - +0 leather armour
rPois   .          Reflect  .    (no helmet)
rElec   .          Harm     .    (no cloak)
rCorr   .          Rampage  .    (no gloves)
Will    .....                    (no boots)
Stlth   ++                       (no amulet)
HPRegen 0.27/turn                i - +4 ring of protection
MPRegen 0.12/turn                (no ring)

@: weak-willed, corroded, very slow
A: fangs 1, strong nose, distributed training
a: Renounce Religion


You were on level 5 of the Dungeon.
You worshipped Cheibriados.
Cheibriados was noncommittal.
You visited 1 branch of the dungeon, and saw 5 of its levels.

You collected 179 gold pieces.

Inventory:

Hand Weapons
 a - a +2 quarterstaff (weapon)
Missiles
 e - 2 curare-tipped darts (quivered)
 m - 8 poisoned darts
Armour
 j - a +0 leather armour (worn)
Jewellery
 i - a +4 ring of protection (left hand)
Scrolls
 b - a scroll of noise
 d - a scroll of torment {unknown}
 g - a scroll of identify
 l - a scroll of brand weapon {unknown}
 o - a scroll of immolation {unknown}
Potions
 p - 2 potions of ambrosia {unknown}


   Skills:
 + Level 3.4 Fighting
 + Level 2.2 Short Blades
 + Level 2.2 Long Blades
 + Level 2.2 Axes
 + Level 2.2 Maces & Flails
 + Level 2.2 Polearms
 + Level 6.9 Staves
 + Level 2.2 Ranged Weapons
 + Level 2.2 Throwing
 + Level 3.4 Armour
 + Level 2.2 Dodging
 + Level 4.7 Stealth
 + Level 2.2 Shields
 + Level 2.2 Unarmed Combat
 + Level 3.6 Spellcasting
 + Level 1.7 Conjurations
 + Level 1.7 Hexes
 + Level 1.7 Summonings
 + Level 1.7 Necromancy
 + Level 1.7 Translocations
 + Level 1.7 Transmutations
 + Level 1.7 Fire Magic
 + Level 1.7 Ice Magic
 + Level 4.2 Air Magic
 + Level 1.7 Earth Magic
 + Level 1.7 Poison Magic
 + Level 2.4 Invocations
 + Level 2.2 Evocations


You had 12 spell levels left.
You didn't know any spells.
Your spell library contained the following spells:

 Spells                   Type           Power      Damage    Failure   Level
 Poisonous Vapours        Pois/Air       18%        N/A       13%         2
 Static Discharge         Conj/Air       18%        2-3/arc   13%         2
 Frozen Ramparts          Ice            12%        1d2       38%         3
 Ice Form                 Ice/Tmut       6%         N/A       80%         4
 Summon Ice Beast         Ice/Summ       6%         N/A       80%         4


Dungeon Overview and Level Annotations

Branches:
Dungeon (5/15)
 Temple: D:4-7

Altars:
Ashenzari
Cheibriados
Kikubaaqudgha
Uskayaw

Annotations:
D:4 Robin
D:5 Edmund


Innate Abilities, Weirdness & Mutations

You have very sharp teeth.
Your uncanny sense of smell can sniff out nearby items.
Your experience applies equally to all skills.


Message History

Cheibriados thoroughly appreciates the change of pace.
The jelly closely misses you.
Edmund the Younger comes into view.
He is wielding a +0 flail of protection and wearing a +1 chain mail of positive energy.
Edmund shouts!
You hit the jelly but do no damage.
Your hands burn!
Your bite misses the jelly.
You hear an angry hiss.
The jelly hits you but does no damage.
The iguana bites you but does no damage.
You thump the jelly!
Your hands burn!
The jelly is heavily wounded.
You hear the slow hiss of a very distant avalanche of sand.
The jelly barely misses you. The iguana closely misses you.
You hit the jelly.
Your hands burn!
The jelly is almost dead.
The jelly hits you.
You are splashed with acid.
The iguana barely misses you.
You sock the jelly!
You kill the jelly!
Cheibriados appreciates the change of pace.
The iguana bites you.
As you read the scroll labelled GAVOVI QAUPT, it crumbles to dust.
It is a scroll of identify.
b - a scroll of noise The iguana bites you!
* * * LOW HITPOINT WARNING * * *
As you read the scroll labelled CAPECA JEAHU, it crumbles to dust.
It is a scroll of amnesia.
You feel forgetful for a moment.
The iguana bites you but does no damage.
As you read the scroll labelled RIZIUB VA YFFI, it crumbles to dust.
The iguana hisses angrily.
Magic quickly surges around you.
It was a scroll of vulnerability.
Edmund hits you with a +0 flail of protection.
* * * LOW HITPOINT WARNING * * *
The iguana bites you.
* * * LOW HITPOINT WARNING * * *
As you read the scroll labelled NEMARA MOLACICH, it crumbles to dust.
Wisps of shadow whirl around you...
It was a scroll of summoning.
Edmund hits you with a +0 flail of protection.
You die...

..##...###.....##
.....#.............
#>##.....#.......#
............J....##
........... .......
#.........##.......
#....w...S.#.l......
........@....o..ll..
.....Wl@##.#........
.......##..#........
##+#### ##.###......
#####...#....o.
#...##.........
+...#....#.....
#..............
#..............
#<...##........


You could see Edmund (weak-willed, ally target), 2 iguanas, an orc
(weak-willed), a friendly phantom (summoned), a friendly adder (summoned) and a
friendly dart slug (summoned).

Vanquished Creatures
  Sigmund (D:3)
  A scorpion (D:4)
  2 hounds (D:5)
  A jelly (D:5)
  A gnoll (D:4)
  An adder (D:2)
  A worm (D:2)
  2 dart slugs
  5 ball pythons
  A bat zombie (D:3)
  6 endoplasms
  2 giant cockroaches
  6 hobgoblins
  5 bats
  2 frilled lizards (D:2)
  6 goblins
  3 kobolds
  8 rats
  2 rat zombies (D:3)
56 creatures vanquished.

Vanquished Creatures (others)
  A hobgoblin (D:2)
1 creature vanquished.

Grand Total: 57 creatures vanquished

Notes
Turn   | Place    | Note
-------+----------+-------------------------------------------
     0 | D:1      | wormed the Gnoll Wanderer began the quest for the Orb.
     0 | D:1      | wormed set off with the following items: a +2 quarterstaff,
                  | a +0 scale mail, a scroll of blinking; and the following
                  | spells available to memorise: Poisonous Vapours, Static
                  | Discharge.
     0 | D:1      | Reached XP level 1. HP: 17/17 MP: 4/4
    82 | D:1      | Reached XP level 2. HP: 23/23 MP: 5/5
   879 | D:2      | Reached XP level 3. HP: 28/28 MP: 7/7
  1086 | D:2      | Reached skill level 1 in Invocations
  1320 | D:2      | Found a faded altar of an unknown god.
  1451 | D:2      | Reached skill level 1 in Short Blades
  1451 | D:2      | Reached skill level 1 in Long Blades
  1451 | D:2      | Reached skill level 1 in Axes
  1451 | D:2      | Reached skill level 1 in Maces & Flails
  1451 | D:2      | Reached skill level 1 in Polearms
  1451 | D:2      | Reached skill level 1 in Ranged Weapons
  1451 | D:2      | Reached skill level 1 in Throwing
  1451 | D:2      | Reached skill level 1 in Dodging
  1451 | D:2      | Reached skill level 1 in Shields
  1451 | D:2      | Reached skill level 1 in Unarmed Combat
  1451 | D:2      | Reached skill level 1 in Evocations
  1554 | D:3      | Found a hide-covered altar of Uskayaw.
  1572 | D:3      | Noticed Sigmund
  1596 | D:3      | Killed Sigmund
  1597 | D:3      | Reached skill level 1 in Conjurations
  1597 | D:3      | Reached skill level 1 in Hexes
  1597 | D:3      | Reached skill level 1 in Summonings
  1597 | D:3      | Reached skill level 1 in Necromancy
  1597 | D:3      | Reached skill level 1 in Translocations
  1597 | D:3      | Reached skill level 1 in Transmutations
  1597 | D:3      | Reached skill level 1 in Fire Magic
  1597 | D:3      | Reached skill level 1 in Ice Magic
  1597 | D:3      | Reached skill level 1 in Earth Magic
  1597 | D:3      | Reached skill level 1 in Poison Magic
  1597 | D:3      | Reached XP level 4. HP: 10/35 MP: 8/8
  1597 | D:3      | Reached XP level 5. HP: 12/41 MP: 9/9
  1855 | D:3      | Found a broken altar of Ashenzari.
  1922 | D:3      | Found a snail-covered altar of Cheibriados.
  1963 | D:3      | Became a worshipper of Cheibriados the Contemplative
  1996 | D:3      | Found an ancient bone altar of Kikubaaqudgha.
  2241 | D:4      | Noticed Robin
  2339 | D:4      | Reached XP level 6. HP: 47/47 MP: 11/11
  2444 | D:5      | Entered Level 5 of the Dungeon
  2537 | D:5      | Noticed Edmund
  2545 | D:5      | Slain by Edmund

Illustrated notes

Levels and vault maps discovered:
D:1:      minmay_arrival_floating_metal, layout_loops_ring,
          minmay_misc_feat_hallway, grunt_decor_cap, minmay_surrounded
D:2:      layout_loops_ring, ebering_ecumenical_altar_hall, lemuel_flame_loot_1
D:3:      layout_basic, lemuel_tele_altar, nicolae_uskayaw_dance_hall,
          lemuel_zombie_altar_kikubaaqudgha, nicolae_ashenzari_skybound,
          uniq_sigmund
D:4:      layout_cave_pools, nicolae_dithmenos_the_darkroom,
          gup_sewer_entry_spiral, uniq_robin, uniq_pikel, uniq_ijyb
D:5:      layout_cave_pools, minmay_temple_entry_hall,
          chequers_ossuary_entry_cave, uniq_edmund

Skill      XL: |  1  2  3  4  5  6 |
---------------+-------------------+-----
Invocations    | 2 |  2.4
Short Blades   | 1 2 |  2.2
Long Blades    | 1 2 |  2.2
Axes           | 1 2 |  2.2
Maces & Flails | 1 2 |  2.2
Polearms       | 1 2 |  2.2
Ranged Weapons | 1 2 |  2.2
Throwing       | 1 2 |  2.2
Dodging        | 1 2 |  2.2
Shields        | 1 2 |  2.2
Unarmed Combat | 1 2 |  2.2
Evocations     | 1 2 |  2.2
Fighting       | 3 |  3.4
Armour         | 3 |  3.4
Spellcasting   | 3 |  3.6
Conjurations   | 1 |  1.7
Hexes          | 1 |  1.7
Summonings     | 1 |  1.7
Necromancy     | 1 |  1.7
Translocations | 1 |  1.7
Transmutations | 1 |  1.7
Fire Magic     | 1 |  1.7
Ice Magic      | 1 |  1.7
Air Magic      | 4 |  4.2
Earth Magic    | 1 |  1.7
Poison Magic   | 1 |  1.7
Staves         | |  6.9
Stealth        | |  4.7

Action                     |  1- 3 |  4- 6 || total
---------------------------+-------+-------++-------
  Melee: Quarterstaff      |    91 |    64 ||   155
         Bite              |     7 |     3 ||    10
    Use: Potion            |     3 |     2 ||     5
         Scroll            |       |     5 ||     5
   Stab: Sleeping          |     7 |     5 ||    12
 Armour: Scale mail        |    14 |       ||    14
         Leather armour    |    17 |    21 ||    38
  Dodge: Dodged            |    48 |    49 ||    97

Table legend: (Time is in decaauts)
 A = Elapsed time spent in this place.
 B = Non-inter-level travel time spent in this place.
 C = Inter-level travel time spent in this place.
 D = Time resting spent in this place.
 E = Time spent auto-exploring this place.
 F = Levels seen in this place.
 G = Mean time per level.
                   A        B        C        D        E       F      G
               +--------+--------+--------+--------+--------+-----+--------+
         Total |   2681 |   2487 |    194 |      0 |   1982 |   5 |  536.2 |
       Dungeon |   2681 |   2487 |    194 |      0 |   1982 |   5 |  536.2 |
               +--------+--------+--------+--------+--------+-----+--------+

Top non-repeatable levels by time:
     D:1: 891 daAuts
     D:3: 828 daAuts
     D:2: 673 daAuts
     D:4: 182 daAuts
     D:5: 105 daAuts
